 Dungeon Crawl Stone Soup version 0.32-a0-485-g70f7560b1c (webtiles) character file.

Game seed: 7823943159537843946

72 bearlyready the Chopper (level 4, -7/35 HPs)
             Began as a Coglin Monk on Feb 26, 2024.
             Killed by an exploding gnoll (27 damage)
             ... ignited by their inner flame
             ... on level 3 of the Dungeon.
             The game lasted 00:05:19 (1341 turns).

bearlyready the Chopper (Coglin Monk)               Turns: 1341, Time: 00:05:20

Health: -7/35      AC:  6    Str: 13    XL:     4   Next: 26%
Magic:  4/4        EV: 11    Int: 10    God:
Gold:   151        SH:  0    Dex: 16    Spells: 3/3 levels left

rFire   . . .        a - +0 hand axe {Zarja}
rCold   . . .        d - orb {light}
rNeg    . . .        c - +0 ring mail
rPois   .            (no helmet)
rElec   .            k - +0 cloak
rCorr   .            (no gloves)
SInv    .            (no boots)
Will    .....        (no amulet) Stlth
                     (ring unavailable)
HPRegen 0.25/turn    (ring unavailable)
MPRegen 0.09/turn

%: no passive effects
@: silenced, glowing, revving
A: off-hand wielding, slow wielding, warmup strikes, no rings
a: no special abilities


You were on level 3 of the Dungeon.
You visited 1 branch of the dungeon, and saw 3 of its levels.

You collected 151 gold pieces.

Inventory:

Hand Weapons
 a - a +0 hand axe (weapon) {Zarja}
Missiles
 f - 4 poisoned darts (quivered)
Armour
 b - a +0 robe
 c - a +0 ring mail (worn)
 d - an orb of light (worn)
 k - a +0 cloak (worn)
Scrolls
 e - a scroll of summoning {unknown}
 g - a scroll of immolation
 h - a scroll of poison
 n - a scroll of revelation {unknown}
 p - a scroll of enchant armour {unknown}
Potions
 i - 2 potions of heal wounds
 l - a potion of brilliance {unknown}
 m - a potion of attraction {unknown}
 o - a potion of lignification {unknown}


   Skills:
 - Level 3.0 Fighting
 + Level 5.0 Axes
 - Level 2.6 Dodging


You had 3 spell levels left.
You didn't know any spells.
Your spell library contained the following spells:

 Spells                   Type           Power      Damage    Failure   Level
 Conjure Ball Lightning   Conj/Air       0%         3x3d6     100%        6
 Discord                  Hex            0%         N/A       100%        8
 Disjunction              Tloc           0%         N/A       100%        8


Dungeon Overview and Level Annotations

Branches:
Dungeon (3/15)

Altars:
Dithmenos
Yredelemnul


Innate Abilities, Weirdness & Mutations

You can wield a second weapon in your off-hand.
It takes a long time for you to wield or remove held weapons.
Your first few attacks do less damage.
Your grasper-arms cannot wear rings.


Message History

The gnoll shouts!
The gnoll barely misses you.
You barely miss the gnoll. The gnoll barely misses you.
The gnoll attacks as it pursues you! The gnoll completely misses you.
You hit the gnoll but do no damage. The gnoll hits you with a +0 whip.
You barely miss the gnoll. The gnoll closely misses you. The gnoll misses you.
You aren't carrying any items that you can evoke.
Unknown command.
The gnoll attacks as it pursues you! The gnoll closely misses you.
The gnoll attacks as it pursues you! The gnoll barely misses you.
You completely miss the gnoll. The gnoll hits you with a +0 whip.
The gnoll closely misses you.
You barely miss the gnoll. The gnoll barely misses you. x2
The air fills with toxic fumes!
As you read the scroll labelled TOUTWA GOUNIOS, it crumbles to dust.
It was a scroll of poison.
The gnoll closely misses you. The gnoll misses you.
You hit the gnoll.
The gnoll is lightly wounded.
The gnoll hits you with a +0 whip.
The gnoll hits you from afar with a +0 spear!
As you read the scroll labelled LANY OZXOZI, it crumbles to dust.
The creatures around you are filled with an inner flame!
It was a scroll of immolation.
The gnoll closely misses you.
The gnoll hits you from afar with a +0 spear.
As you read the scroll labelled QOOR VORILA, it crumbles to dust.
A profound silence engulfs you.
It was a scroll of silence.
The gnoll hits you with a +0 whip.
* * * LOW HITPOINT WARNING * * *
The gnoll hits you from afar with a +0 spear.
* * * LOW HITPOINT WARNING * * *
It was a potion of heal wounds.
You feel much better. The gnoll hits you with a +0 whip.
The gnoll completely misses you.
You hit the gnoll.
Flame seeps out of the gnoll.
The gnoll is moderately wounded.
The gnoll is engulfed in blazing flames.
The gnoll explodes!
The fiery explosion engulfs the gnoll!!!
The fiery explosion engulfs you!!
Ouch! That really hurt!
You die...

...'......#.+...#
#.#.#.#
.#.#......#.#...#
#.#.#.#
...######....#
###.#.#
.########....# ....#
.............# ###
.....####.#..#.#
.>...##........# #
.....##.#.########§#
...........#gg§○@§§#
#######.####§#######
#..........gg.g.#
#...†#..........#
#....#............
#....#.........##.
#....#.........#
#....#.........#
#....#........>#


You could see 2 gnolls.

Vanquished Creatures
  3 adders
  2 gnolls (D:3)
  3 ball pythons
  6 endoplasms
  A giant cockroach (D:1)
  4 hobgoblins (D:1)
  3 jackals
  2 quokkas
  3 bats
  3 frilled lizards
  5 goblins
  6 kobolds
  3 rats
44 creatures vanquished.

Notes
Turn   | Place    | Note
-------+----------+-------------------------------------------
     0 | D:1      | bearlyready the Coglin Monk began the quest for the Orb.
     0 | D:1      | Reached XP level 1. HP: 18/18 MP: 1/1
    76 | D:1      | Reached XP level 2. HP: 24/24 MP: 2/2
   417 | D:1      | Reached skill level 4 in Axes
   468 | D:1      | Reached XP level 3. HP: 29/29 MP: 3/3
   654 | D:2      | Found a shadowy altar of Dithmenos.
  1029 | D:2      | Reached XP level 4. HP: 33/35 MP: 4/4
  1116 | D:3      | Found a basalt altar of Yredelemnul.
  1190 | D:3      | Reached skill level 5 in Axes
  1339 | D:3      | HP: 1/35 [gnoll/+0 spear (6)]
  1341 | D:3      | Killed by an exploding gnoll... ignited by their inner
                  | flame

Illustrated notes

Levels and vault maps discovered:
D:1:      wander_arrival_estate, layout_loops_cross
D:2:      layout_rooms, basic_altar
D:3:      layout_basic, mainiacjoe_overflow_catwalk, uniq_grinder, uniq_sigmund

Skill      XL: |  1  2  3  4 |
---------------+-------------+-----
Axes           | 4 5 |  5.0
Fighting       | |  3.0
Dodging        | |  2.6

Action                     |  1- 3 |  4- 6 || total
---------------------------+-------+-------++-------
  Melee: Hand axe          |   104 |    31 ||   135
    Use: Potion            |     1 |     1 ||     2
         Scroll            |       |     3 ||     3
 Armour: Robe              |    18 |       ||    18
         Ring mail         |    43 |    30 ||    73
  Dodge: Dodged            |    70 |    32 ||   102

Table legend: (Time is in decaauts)
 A = Elapsed time spent in this place.
 B = Non-inter-level travel time spent in this place.
 C = Inter-level travel time spent in this place.
 D = Time resting spent in this place.
 E = Time spent auto-exploring this place.
 F = Levels seen in this place.
 G = Mean time per level.
                   A        B        C        D        E       F      G
               +--------+--------+--------+--------+--------+-----+--------+
         Total |   1353 |   1331 |     22 |      0 |    987 |   3 |  451.0 |
       Dungeon |   1353 |   1331 |     22 |      0 |    987 |   3 |  451.0 |
               +--------+--------+--------+--------+--------+-----+--------+

Top non-repeatable levels by time:
     D:1: 662 daAuts
     D:2: 433 daAuts
     D:3: 257 daAuts
